 Dungeon Crawl Stone Soup version 0.22.1-2-g9c5b331 (webtiles) character file.

43 SilentRunner the Firebug (level 3, 0/27 HPs)
             Began as a Hill Orc Fire Elementalist on Dec 18, 2018.
             Succumbed to an adder's poison
             ... on level 1 of the Dungeon.
             The game lasted 00:11:35 (1645 turns).

SilentRunner the Firebug (HOFE)                     Turns: 1645, Time: 00:11:36

Health: 0/27       AC: 10    Str: 10    XL:     3   Next: 58%
Magic:  0/6        EV: 12    Int: 16    God:
Gold:   93         SH:  0    Dex: 11    Spells: 3/6 levels left

rFire    . . .     SeeInvis .   m - +0 dagger (protect)
rCold    . . .     Gourm    .   (no shield)
rNeg     . . .     Faith    .   a - +0 robe
rPois    .         Spirit   .   (no helmet)
rElec    .         Reflect  .   (no cloak)
rCorr    .         Harm     .   p - +0 pair of gloves
MR       .....                  (no boots)
Stlth    ++........             (no amulet)
HPRegen  0.09/turn              (no ring)
MPRegen  0.10/turn              (no ring)

@: lethally poisoned (0 -> -10), protection aura
A: no striking features
a: no special abilities


You were on level 1 of the Dungeon.
You were not hungry.

You visited 1 branch of the dungeon, and saw 2 of its levels.

You collected 93 gold pieces.

Inventory:

Hand Weapons
 b - a +0 dagger
 d - a +0 club
 i - a +0 dagger
 m - a +0 dagger of protection (weapon)
Missiles
 e - 65 stones (quivered)
 j - 62 bolts
 l - 19 sling bullets
 o - 31 poisoned needles
Armour
 a - a +0 robe (worn)
 g - a +0 robe
 p - a +0 pair of gloves (worn)
Jewellery
 h - a +2 ring of protection {unknown}
Scrolls
 k - a scroll of magic mapping {unknown}
 q - a scroll of enchant armour {unknown}
 s - 2 scrolls of enchant weapon {unknown}
Comestibles
 c - a ration
 r - 3 chunks of flesh


   Skills:
 + Level 0.3 Fighting
 + Level 1.7 Dodging
 + Level 1.6 Stealth
 + Level 2.0 Spellcasting
 + Level 1.3 Conjurations
 + Level 4.2 Fire Magic


You had 3 spell levels left.
You knew the following spells:

 Your Spells              Type           Power        Failure   Level  Hunger
a - Flame Tongue          Conj/Fire      ##...        7%          1    #......
b - Throw Flame           Conj/Fire      ##....       10%         2    ###....

Your spell library contained the following spells:

 Spells                   Type           Power        Failure   Level  Hunger
 Conjure Flame            Conj/Fire      ##......     21%         3    ###....
 Inner Flame              Hex/Fire       #.......     26%         3    ###....
 Sticky Flame             Conj/Fire      ##......     54%         4    #####..
 Fireball                 Conj/Fire      ##........   88%         5    ######.


Dungeon Overview and Level Annotations

Branches:
Dungeon (2/15)

Altars:


Message History

Aiming: Flame Tongue (safe; 7% risk of failure)
Press: ? - help, Shift-Dir - straight line, f/p - adder
Aim: an adder The flame tongue hits the adder.
The adder is heavily wounded.
The adder bites you.
* * * LOW HITPOINT WARNING * * *
You hit the adder.
Your weapon exudes an aura of protection.
The adder is severely wounded.
The adder bites you.
* * * LOW HITPOINT WARNING * * *
You are lethally poisoned!
The adder poisons you! The adder bites you.
* * * LOW HITPOINT WARNING * * *
You are more poisoned.
The adder poisons you!
As you read the scroll labeled KADOILL SIPN, it crumbles to dust.
You feel blessed for a moment.
It was a scroll of remove curse.
You die...

#...## ##.....##
##.## ##...## #.#
##'## #.# #.# #.#
##### #.# #.#
#...# ##.## #.#
#.#.###...###
#S####.#.##.......
#@#....#........##
#...#######.#.#.#
###....#....###.##
####.#..........
#.#.######...
#...# #### #####


You could see an adder.

Vanquished Creatures
  An adder (D:2)
  A dart slug (D:1)
  3 leopard geckos (D:1)
  4 ball pythons
  5 bats (D:1)
  2 giant cockroaches (D:1)
  3 hobgoblins (D:1)
  A kobold (D:2)
  A frilled lizard (D:2)
  4 goblins (D:1)
  A rat (D:1)
26 creatures vanquished.

Notes
Turn   | Place    | Note
-------+----------+-------------------------------------------
     0 | D:1      | SilentRunner the Hill Orc Fire Elementalist began the quest
                  | for the Orb.
     0 | D:1      | Reached XP level 1. HP: 14/14 MP: 3/3
   108 | D:1      | Reached XP level 2. HP: 20/20 MP: 2/4
   308 | D:1      | Learned a level 2 spell: Throw Flame
   651 | D:1      | Reached skill level 4 in Fire Magic
   850 | D:1      | Reached XP level 3. HP: 26/26 MP: 2/5
  1644 | D:1      | HP: 1/27 [adder (4)]
  1645 | D:1      | Succumbed to an adder's poison

Skill      XL: |  1  2  3 |
---------------+----------+-----
Fire Magic     | 4 |  4.2
Spellcasting   | 2 |  2.0
Fighting       | |  0.3
Dodging        | |  1.7
Stealth        | |  1.6
Conjurations   | |  1.3

Action                   || total
-------------------------++-------
Melee: Dagger            ||    29
Throw: Stone             ||     1
 Cast: Flame Tongue      ||    30
       Throw Flame       ||    13
  Use: Scroll            ||     1
       Potion            ||     1
  Eat: Chunk             ||     2
       Ration            ||     1
Armor: Robe              ||     8
Dodge: Dodged            ||    41
